[Event "2nd Thailand Pattaya Open 2019"]
[Site "Pattaya"]
[Date "2019.10.25"]
[Round "1.2"]
[White "Gomez, John Paul"]
[Black "Chia, Yu Zhe Ashton"]
[Result "1-0"]
[ECO "A35"]
[WhiteElo "2433"]
[BlackElo "1848"]
[Annotator "ChessBase"]
[PlyCount "87"]
[EventDate "2019.10.23"]
[EventType "swiss"]
[EventCountry "THA"]
[SourceTitle "playchess.com"]
[Source "ChessBase"]
[SourceQuality "1"]
[TimeControl "5400+30"]

1. Nf3 c5 2. c4 Nc6 3. Nc3 g6 4. e3 Nf6 5. d4 cxd4 6. exd4 d5 7. cxd5 Nxd5 8. Qb3 Nxc3 9. Bc4 e6 10. bxc3 Bg7 11. Ba3 a6 12. Bd3 b5 13. O-O Bb7 14. Rfe1 Qc7 15. Ng5 O-O-O 16. Bc5 Ne5 17. Be4 Bd5 18. Qa3 h6 19. Qxa6+ Qb7 20. Qxb7+ Kxb7 21. f4 hxg5 22. fxe5 Bxe4 23. Rxe4 Rd5 24. Rf1 Rd7 25. Re2 Bh6 26. Ref2 Rh7 27. g4 Kc6 28. Kg2 Kd5 29. Rb1 Rb7 30. a4 Kc6 31. Rfb2 Rh8 32. axb5+ Kd5 33. Rb4 Bf8 34. c4+ Ke4 35. Bxf8 Rxf8 36. c5 Ra8 37. R1b2 Ra3 38. Rc2 Ra8 39. b6 Rc8 40. c6 Rbb8 41. Rc5 Kf4 42. b7 Rc7 43. Ra4 Rxc6 44. d5+ 1-0

[Event "2nd Thailand Pattaya Open 2019"]
[Site "Pattaya"]
[Date "2019.10.25"]
[Round "1.3"]
[White "Wongsawan, Thoetsak"]
[Black "Pascua, Haridas"]
[Result "0-1"]
[ECO "C78"]
[WhiteElo "1848"]
[BlackElo "2425"]
[Annotator "ChessBase"]
[PlyCount "90"]
[EventDate "2019.10.23"]
[EventType "swiss"]
[EventCountry "THA"]
[SourceTitle "playchess.com"]
[Source "ChessBase"]
[SourceQuality "1"]
[TimeControl "5400+30"]

1. e4 e5 2. Nf3 Nc6 3. Bb5 a6 4. Ba4 Nf6 5. O-O b5 6. Bb3 Bc5 7. c3 d6 8. d4 Bb6 9. a4 Bg4 10. d5 Na5 11. Bc2 O-O 12. h3 Bh5 13. Qd3 Bg6 14. Bg5 Rb8 15. Nbd2 c5 16. c4 bxc4 17. Nxc4 h6 18. Bh4 Nxc4 19. Qxc4 Ra8 20. Ra3 Bh7 21. Nh2 g5 22. Bg3 Ba5 23. Qe2 Rb8 24. Rb1 Rb4 25. Re3 Bg6 26. Ng4 Nxg4 27. hxg4 Qb6 28. Bd3 Rxa4 29. Bxa6 Rxe4 30. Rxe4 Bxe4 31. Qxe4 Qxa6 32. Ra1 Qb5 33. Kh2 Bb6 34. b3 Bc7 35. Ra7 Bb8 36. Re7 Qxb3 37. Re6 Kg7 38. Re7 c4 39. Qf5 Qd3 40. Qe6 c3 41. f4 gxf4 42. Bh4 Qg6 43. Qd7 c2 44. Re6 Qxg4 45. Bf6+ Kg8 0-1

[Event "2nd Thailand Pattaya Open 2019"]
[Site "Pattaya"]
[Date "2019.10.25"]
[Round "1.4"]
[White "Schebler, Gerhard"]
[Black "Ashwin, Hariharan"]
[Result "1/2-1/2"]
[ECO "D02"]
[WhiteElo "2398"]
[BlackElo "1837"]
[Annotator "ChessBase"]
[PlyCount "89"]
[EventDate "2019.10.23"]
[EventType "swiss"]
[EventCountry "THA"]
[SourceTitle "playchess.com"]
[Source "ChessBase"]
[SourceQuality "1"]
[TimeControl "5400+30"]

1. Nf3 d5 2. g3 Bg4 3. Bg2 Nd7 4. d4 c6 5. Nbd2 Ngf6 6. O-O e6 7. Re1 Be7 8. e4 O-O 9. c3 dxe4 10. Nxe4 Nxe4 11. Rxe4 Bxf3 12. Bxf3 Bg5 13. Bxg5 Qxg5 14. Qb3 Rab8 15. Rae1 Qa5 16. a3 Qc7 17. R4e2 Nf6 18. Qc4 Rfd8 19. h4 h6 20. Re5 Rbc8 21. Qe2 Qd6 22. Bg2 Rc7 23. Kh2 b6 24. Kg1 c5 25. dxc5 Rxc5 26. Rxc5 Qxc5 27. Bf3 Qc7 28. Kg2 Nd7 29. Be4 Nf6 30. Bc2 Qd6 31. Qf3 Qd5 32. Be4 Nxe4 33. Rxe4 Qd1 34. Rc4 Qxf3+ 35. Kxf3 Rd2 36. b3 Rb2 37. b4 Ra2 38. Rc8+ Kh7 39. h5 Rxa3 40. Rc7 a5 41. bxa5 Rxa5 42. Rxf7 Rxh5 43. Rb7 Rc5 44. Rxb6 Rxc3+ 45. Ke4 1/2-1/2

[Event "2nd Thailand Pattaya Open 2019"]
[Site "Pattaya"]
[Date "2019.10.25"]
[Round "1.5"]
[White "Nisban, Cyrus"]
[Black "Villamayor, Buenaventura"]
[Result "0-1"]
[ECO "A46"]
[WhiteElo "1833"]
[BlackElo "2371"]
[Annotator "ChessBase"]
[PlyCount "121"]
[EventDate "2019.10.23"]
[EventType "swiss"]
[EventCountry "THA"]
[SourceTitle "playchess.com"]
[Source "ChessBase"]
[SourceQuality "1"]
[TimeControl "5400+30"]

1. d4 Nf6 2. Nf3 b5 3. Bf4 Bb7 4. e3 a6 5. Bd3 e6 6. Nbd2 Be7 7. h3 c5 8. c3 Nc6 9. a4 b4 10. O-O O-O 11. Bh2 d5 12. c4 cxd4 13. exd4 dxc4 14. Nxc4 g6 15. Be2 Na5 16. Rc1 Rc8 17. Nfe5 Nxc4 18. Bxc4 a5 19. Qb3 Nd5 20. Bb5 Bg5 21. Rxc8 Qxc8 22. Nd7 Rd8 23. Nc5 Bf4 24. Qf3 Bxh2+ 25. Kxh2 Bc6 26. Bxc6 Qxc6 27. Rc1 Qb6 28. Nb3 Ne7 29. Rc5 Nf5 30. Rb5 Qd6+ 31. g3 Nxd4 32. Nxd4 Qxd4 33. Rxa5 Qxb2 34. Ra7 Rf8 35. Rb7 Qc3 36. Qxc3 bxc3 37. Rc7 Ra8 38. Rxc3 Rxa4 39. h4 Kg7 40. Rc7 h6 41. Rb7 g5 42. hxg5 hxg5 43. Re7 g4 44. Kg2 Kg6 45. Re8 Kf5 46. Rb8 e5 47. Rb7 f6 48. Rb3 Kg5 49. Re3 Rc4 50. Ra3 Kf5 51. Rb3 Ke4 52. Rb6 f5 53. Rb3 Kd4 54. Rb8 Rc2 55. Rf8 e4 56. Rxf5 e3 57. Kf1 Rxf2+ 58. Rxf2 exf2 59. Kxf2 Kd3 60. Kf1 Ke3 61. Kg2 0-1

[Event "2nd Thailand Pattaya Open 2019"]
[Site "Pattaya"]
[Date "2019.10.25"]
[Round "1.6"]
[White "Coenen, Michael"]
[Black "Frederiksen, Erik"]
[Result "1-0"]
[ECO "C30"]
[WhiteElo "2365"]
[BlackElo "1830"]
[Annotator "ChessBase"]
[PlyCount "119"]
[EventDate "2019.10.23"]
[EventType "swiss"]
[EventCountry "THA"]
[SourceTitle "playchess.com"]
[Source "ChessBase"]
[SourceQuality "1"]
[TimeControl "5400+30"]

1. e4 e5 2. Nc3 Nc6 3. f4 Bc5 4. Nf3 d6 5. Na4 Bb6 6. Nxb6 axb6 7. Bc4 Nf6 8. d3 O-O 9. O-O Bg4 10. h3 Bxf3 11. Qxf3 Nd4 12. Qf2 b5 13. Bb3 Nxb3 14. cxb3 Qd7 15. fxe5 dxe5 16. Qg3 Qe6 17. Rf5 Nd7 18. b4 f6 19. a3 Ra6 20. Bh6 Rf7 21. Rc1 Rc6 22. Rff1 Rxc1 23. Rxc1 c6 24. Bd2 Nf8 25. h4 Rd7 26. Rf1 Kh8 27. h5 h6 28. Rf3 Qe8 29. Qg4 Rf7 30. Rg3 Qd7 31. Kf1 Qxg4 32. Rxg4 Ne6 33. Rh4 Rd7 34. Ke2 Kg8 35. Be3 Kf7 36. g3 Nd4+ 37. Bxd4 Rxd4 38. Rh1 Ke6 39. Rf1 Rd8 40. Ke3 Rd4 41. Kd2 Kd6 42. g4 Ke6 43. Kc3 Rd8 44. Rf2 Rd4 45. Rf5 Rd8 46. Rf1 Ke7 47. Ra1 Ra8 48. Kd2 Ke6 49. Ke3 Ke7 50. b3 b6 51. a4 c5 52. bxc5 bxc5 53. Kd2 b4 54. Ke3 Kd6 55. Ra2 Ra7 56. Kf3 Kc6 57. Rf2 Rd7 58. Ke3 Kb6 59. Rf1 Rd8 60. g5 1-0

[Event "2nd Thailand Pattaya Open 2019"]
[Site "Pattaya"]
[Date "2019.10.25"]
[Round "2.2"]
[White "Gras, Guillaume"]
[Black "Gomez, John Paul"]
[Result "0-1"]
[ECO "A11"]
[WhiteElo "2056"]
[BlackElo "2433"]
[Annotator "ChessBase"]
[PlyCount "136"]
[EventDate "2019.10.23"]
[EventType "swiss"]
[EventCountry "THA"]
[SourceTitle "playchess.com"]
[Source "ChessBase"]
[SourceQuality "1"]
[TimeControl "5400+30"]

1. c4 c6 2. Nc3 d5 3. e3 Nf6 4. Nf3 Bf5 5. Qb3 Qb6 6. cxd5 Qxb3 7. axb3 Nxd5 8. Nxd5 cxd5 9. Nd4 Bd7 10. Nb5 Bxb5 11. Bxb5+ Nd7 12. d4 e6 13. Bd2 Bd6 14. O-O a6 15. f3 Ke7 16. Bd3 Rhc8 17. e4 dxe4 18. fxe4 e5 19. Bc4 f6 20. Bd5 Rc2 21. Bc3 Rb8 22. Rac1 Rxc1 23. Rxc1 b6 24. dxe5 Nxe5 25. Bxe5 Bxe5 26. g4 h5 27. h3 hxg4 28. hxg4 Rh8 29. g5 fxg5 30. Kg2 Rh2+ 31. Kf3 Rxb2 32. Rc6 Bd4 33. Rc7+ Kd6 34. Rc6+ Kd7 35. Rg6 Rf2+ 36. Kg3 Rf1 37. Kg4 Rg1+ 38. Kf3 g4+ 39. Kf4 Rf1+ 40. Kxg4 Rg1+ 41. Kf5 Rxg6 42. Kxg6 Kd6 43. Kf5 b5 44. Bg8 a5 45. Bf7 Bc3 46. Bg8 Bf6 47. Bf7 Bb2 48. Be8 Kc5 49. Bf7 Bf6 50. Bg8 Kd4 51. Be6 a4 52. bxa4 bxa4 53. Ba2 Be7 54. Kg6 Bf8 55. Kf5 Be7 56. Kg6 Bf8 57. Kf5 Be7 58. Kg6 Bf6 59. Kf5 g5 60. Kxf6 g4 61. e5 g3 62. e6 g2 63. e7 g1=Q 64. Bf7 Qf2+ 65. Kg7 Qg3+ 66. Bg6 Qc7 67. Kf8 a3 68. Bf7 Qd6 0-1

[Event "2nd Thailand Pattaya Open 2019"]
[Site "Pattaya"]
[Date "2019.10.25"]
[Round "2.3"]
[White "Pascua, Haridas"]
[Black "Barbe, Tom"]
[Result "1-0"]
[ECO "D23"]
[WhiteElo "2425"]
[BlackElo "2059"]
[Annotator "ChessBase"]
[PlyCount "59"]
[EventDate "2019.10.23"]
[EventType "swiss"]
[EventCountry "THA"]
[SourceTitle "playchess.com"]
[Source "ChessBase"]
[SourceQuality "1"]
[TimeControl "5400+30"]

1. c4 c6 2. Nf3 d5 3. d4 Nf6 4. Qb3 dxc4 5. Qxc4 b5 6. Qc2 Bb7 7. e4 e6 8. a4 a6 9. Bd3 Nbd7 10. O-O Qb6 11. Qe2 Be7 12. Be3 O-O 13. Rc1 b4 14. a5 Qa7 15. d5 Bc5 16. Rxc5 Nxc5 17. Qc2 Nfd7 18. dxe6 fxe6 19. Nbd2 Rfd8 20. Be2 h6 21. Rc1 Rac8 22. Bxc5 Nxc5 23. Qxc5 Qxc5 24. Rxc5 Rc7 25. Bc4 Kf7 26. Kf1 Ke7 27. Ke2 Kd6 28. Nb3 g5 29. e5+ Ke7 30. Nfd4 1-0

[Event "2nd Thailand Pattaya Open 2019"]
[Site "Pattaya"]
[Date "2019.10.25"]
[Round "2.4"]
[White "Villamayor, Buenaventura"]
[Black "Khumnorkaew, Tupfah"]
[Result "1-0"]
[ECO "A14"]
[WhiteElo "2371"]
[BlackElo "2048"]
[Annotator "ChessBase"]
[PlyCount "131"]
[EventDate "2019.10.23"]
[EventType "swiss"]
[EventCountry "THA"]
[SourceTitle "playchess.com"]
[Source "ChessBase"]
[SourceQuality "1"]
[TimeControl "5400+30"]

1. c4 e6 2. g3 Nf6 3. Bg2 d5 4. Nf3 Be7 5. O-O O-O 6. b3 b6 7. Bb2 Bb7 8. e3 c5 9. cxd5 Nxd5 10. d4 Nc6 11. Nbd2 Qd7 12. dxc5 Bxc5 13. Nc4 Rad8 14. Qe2 Qc8 15. a3 Be7 16. Rac1 Qa8 17. Rfd1 h6 18. b4 Nf6 19. Bxf6 gxf6 20. Ne1 Nb8 21. e4 Rxd1 22. Rxd1 Rd8 23. Rxd8+ Bxd8 24. Qh5 Be7 25. e5 f5 26. Nd6 Bxd6 27. exd6 Bxg2 28. Nxg2 Qd5 29. Nf4 Qxd6 30. Qxh6 Qd1+ 31. Kg2 Qg4 32. Qf6 Qd1 33. b5 a6 34. a4 axb5 35. axb5 Nd7 36. Qd8+ Kg7 37. h4 e5 38. Qg5+ Kf8 39. Nh5 Qd5+ 40. Kh2 Qe6 41. Qd8+ Qe8 42. Qxe8+ Kxe8 43. Ng7+ Ke7 44. Nxf5+ Ke6 45. g4 Nf6 46. f3 e4 47. Kg3 exf3 48. Kxf3 Nd5 49. h5 Kf6 50. Nd6 Nc7 51. Kf4 Nd5+ 52. Kg3 Ke6 53. Ne8 Ne7 54. Kf4 f6 55. Ke4 f5+ 56. gxf5+ Nxf5 57. Nc7+ Kf6 58. Nd5+ Kg5 59. Ke5 Nh4 60. Nxb6 Nf3+ 61. Kd5 Ne1 62. Na4 Nd3 63. b6 Nb4+ 64. Kc5 Na6+ 65. Kb5 Nb8 66. Nc5 1-0

[Event "2nd Thailand Pattaya Open 2019"]
[Site "Pattaya"]
[Date "2019.10.25"]
[Round "2.5"]
[White "Wiwatanadate, Poompong"]
[Black "Coenen, Michael"]
[Result "1-0"]
[ECO "B15"]
[WhiteElo "2043"]
[BlackElo "2365"]
[Annotator "ChessBase"]
[PlyCount "67"]
[EventDate "2019.10.23"]
[EventType "swiss"]
[EventCountry "THA"]
[SourceTitle "playchess.com"]
[Source "ChessBase"]
[SourceQuality "1"]
[TimeControl "5400+30"]

1. e4 c6 2. Nc3 d5 3. Nf3 g6 4. d4 dxe4 5. Nxe4 Bg7 6. Bc4 Nh6 7. c3 O-O 8. Bf4 Nf5 9. Bb3 Nd6 10. Ng3 Bg4 11. h3 Bxf3 12. Qxf3 a5 13. O-O-O a4 14. Bc2 Nd7 15. h4 Ra5 16. h5 e5 17. Be3 Nc4 18. Bd3 Nxe3 19. fxe3 Qf6 20. Qg4 Qf2 21. hxg6 a3 22. Rd2 axb2+ 23. Rxb2 Qxe3+ 24. Kc2 hxg6 25. Ne4 exd4 26. Rh3 Qg1 27. Qxd7 dxc3 28. Nxc3 Qxg2+ 29. Kb3 Qg5 30. Bc4 b5 31. Bxf7+ Rxf7 32. Qe8+ Bf8 33. Rbh2 Ra3+ 34. Kb2 1-0

[Event "2nd Thailand Pattaya Open 2019"]
[Site "Pattaya"]
[Date "2019.10.25"]
[Round "2.6"]
[White "Arunnuntapanich, Tinnakrit"]
[Black "Stokke, Kjetil"]
[Result "1-0"]
[ECO "B44"]
[WhiteElo "2025"]
[BlackElo "2344"]
[Annotator "ChessBase"]
[PlyCount "57"]
[EventDate "2019.10.23"]
[EventType "swiss"]
[EventCountry "THA"]
[SourceTitle "playchess.com"]
[Source "ChessBase"]
[SourceQuality "1"]
[TimeControl "5400+30"]

1. e4 c5 2. Nf3 e6 3. d4 cxd4 4. Nxd4 Nf6 5. Bd3 Nc6 6. Be3 d5 7. exd5 Nxd4 8. Bxd4 Qxd5 9. O-O Bd7 10. Be2 e5 11. Bc3 Qe6 12. Bf3 O-O-O 13. Re1 Bc6 14. Nd2 e4 15. Bxf6 gxf6 16. Bg4 f5 17. Bh3 Kb8 18. Qe2 Bc5 19. Nb3 Bb6 20. Rad1 Qf6 21. c4 f4 22. c5 Bc7 23. Qc2 Rhg8 24. Qc3 Be5 25. Qb4 e3 26. Na5 Rxg2+ 27. Bxg2 Rg8 28. Nxc6+ Qxc6 29. Rd8+ 1-0

[Event "2nd Thailand Pattaya Open 2019"]
[Site "Pattaya"]
[Date "2019.10.25"]
[Round "3.2"]
[White "Gomez, John Paul"]
[Black "Kananub, Warot"]
[Result "1/2-1/2"]
[ECO "A16"]
[WhiteElo "2433"]
[BlackElo "2206"]
[Annotator "ChessBase"]
[PlyCount "37"]
[EventDate "2019.10.23"]
[EventType "swiss"]
[EventCountry "THA"]
[SourceTitle "playchess.com"]
[Source "ChessBase"]
[SourceQuality "1"]
[TimeControl "5400+30"]

1. Nf3 Nf6 2. c4 g6 3. Nc3 d5 4. cxd5 Nxd5 5. e4 Nxc3 6. dxc3 Qxd1+ 7. Kxd1 f6 8. Bc4 e5 9. Be3 Nd7 10. a4 a5 11. Ke2 Bc5 12. Rhd1 Bxe3 13. Kxe3 Ke7 14. Ne1 Nc5 15. Nd3 Nxd3 16. Rxd3 Bd7 17. f4 exf4+ 18. Kxf4 Rhd8 19. Rd4 1/2-1/2

[Event "2nd Thailand Pattaya Open 2019"]
[Site "Pattaya"]
[Date "2019.10.25"]
[Round "3.4"]
[White "Langreck, John"]
[Black "Villamayor, Buenaventura"]
[Result "0-1"]
[ECO "E61"]
[WhiteElo "2149"]
[BlackElo "2371"]
[Annotator "ChessBase"]
[PlyCount "78"]
[EventDate "2019.10.23"]
[EventType "swiss"]
[EventCountry "THA"]
[SourceTitle "playchess.com"]
[Source "ChessBase"]
[SourceQuality "1"]
[TimeControl "5400+30"]

1. Nf3 g6 2. c4 Bg7 3. d4 d6 4. Nc3 Bg4 5. e3 Nc6 6. Be2 Nf6 7. O-O O-O 8. b3 Nd7 9. Bb2 Bxf3 10. Bxf3 e5 11. Bxc6 bxc6 12. dxe5 Bxe5 13. Na4 f5 14. Qf3 Bxb2 15. Nxb2 Ne5 16. Qe2 Qh4 17. g3 Qh6 18. f3 Rae8 19. Rae1 Re7 20. Qd2 Rfe8 21. Kg2 Nf7 22. f4 Qg7 23. Nd3 Nd8 24. Nb4 Re6 25. Re2 Qd7 26. Rfe1 Nb7 27. Nd3 c5 28. Nf2 Nd8 29. Kg1 Nc6 30. Qd5 Kf8 31. Kf1 R8e7 32. h3 Qe8 33. g4 Nd4 34. exd4 Rxe2 35. Rxe2 Rxe2 36. gxf5 Qe3 37. Qa8+ Ke7 38. f6+ Kd7 39. Ng4 Re1+ 0-1

[Event "2nd Thailand Pattaya Open 2019"]
[Site "Pattaya"]
[Date "2019.10.25"]
[Round "3.5"]
[White "Quizon, Daniel"]
[Black "Wiwatanadate, Poompong"]
[Result "1-0"]
[ECO "B15"]
[WhiteElo "2329"]
[BlackElo "2043"]
[Annotator "ChessBase"]
[PlyCount "116"]
[EventDate "2019.10.23"]
[EventType "swiss"]
[EventCountry "THA"]
[SourceTitle "playchess.com"]
[Source "ChessBase"]
[SourceQuality "1"]
[TimeControl "5400+30"]

1. e4 c6 2. d4 d5 3. Nd2 dxe4 4. Nxe4 Nf6 5. Ng3 e5 6. Nf3 exd4 7. Nxd4 Bc5 8. Qe2+ Be7 9. Be3 O-O 10. O-O-O Qa5 11. Kb1 Na6 12. Nb3 Qc7 13. Nh5 Qe5 14. Nxg7 Ng4 15. Bd4 Qxe2 16. Bxe2 c5 17. Bc3 Nxf2 18. Rde1 Nxh1 19. Bxa6 bxa6 20. Rxe7 Rd8 21. a3 Kf8 22. Bf6 Rd1+ 23. Ka2 Bd7 24. Nxc5 Bc6 25. Nce6+ Kg8 26. Nc7 Rc8 27. Nf5 h5 28. Bc3 Nf2 29. Nh6+ Kh7 30. Rxf7+ Kxh6 31. Rf6+ Kh7 32. Rxc6 Ne4 33. Be5 Rd5 34. Re6 Rd7 35. Bf4 Nc5 36. Rh6+ Kg7 37. Rc6 Ne4 38. Ne6+ Kf7 39. Rxc8 Kxe6 40. Rc6+ Kf5 41. Be3 Rd1 42. Rxa6 Re1 43. Ra5+ Kg4 44. Bxa7 Re2 45. h3+ Kh4 46. Rf5 Kg3 47. Rxh5 Rxc2 48. Rh8 Kxg2 49. h4 Rd2 50. Rc8 Kg3 51. h5 Kg4 52. h6 Rh2 53. Rc6 Kf5 54. a4 Nf6 55. a5 Nd5 56. Bc5 Nc3+ 57. Kb3 Nd1 58. Ba3 Ke5 1-0

[Event "2nd Thailand Pattaya Open 2019"]
[Site "Pattaya"]
[Date "2019.10.25"]
[Round "3.6"]
[White "Salvador, Louie"]
[Black "Arunnuntapanich, Tinnakrit"]
[Result "1/2-1/2"]
[ECO "B90"]
[WhiteElo "2257"]
[BlackElo "2025"]
[Annotator "ChessBase"]
[PlyCount "122"]
[EventDate "2019.10.23"]
[EventType "swiss"]
[EventCountry "THA"]
[SourceTitle "playchess.com"]
[Source "ChessBase"]
[SourceQuality "1"]
[TimeControl "5400+30"]

1. e4 c5 2. Nf3 d6 3. d4 cxd4 4. Nxd4 Nf6 5. Nc3 a6 6. f3 e5 7. Nb3 Be6 8. Be3 b5 9. a4 b4 10. Nd5 Nxd5 11. exd5 Bf5 12. a5 Be7 13. Ra4 Bh4+ 14. g3 Bg5 15. Bb6 Qc8 16. Bd3 Bxd3 17. Qxd3 Qh3 18. Rxb4 Qg2 19. Rg1 Qxh2 20. Qf5 Nd7 21. Bf2 h6 22. f4 g6 23. Qe4 f5 24. Qf3 e4 25. Rxe4+ fxe4 26. Qxe4+ Kf7 27. Qe6+ Kf8 28. Qxd6+ Be7 29. Qxd7 Re8 30. Kf1 Bf6 31. Qg4 Kf7 32. Nc5 h5 33. Qf3 Qh3+ 34. Qg2 Qg4 35. Ne6 Rc8 36. c3 Qd1+ 37. Be1 Qd3+ 38. Kf2 h4 39. Qf3 hxg3+ 40. Rxg3 Rh2+ 41. Kg1 Qxf3 42. Rxf3 Rxb2 43. f5 gxf5 44. Rxf5 Ke7 45. Rf3 Kf7 46. Rf5 Ke7 47. Kf1 Bxc3 48. Bh4+ Kd7 49. Bg3 Ke7 50. Bh4+ Kd7 51. Bg3 Bb4 52. Rf7+ Be7 53. Nc7 Rh8 54. Bf2 Rh2 55. Nxa6 Ke8 56. Rf4 Bg5 57. Nc7+ Kd7 58. Rf7+ Kc8 59. a6 Rhxf2+ 60. Rxf2 Rxf2+ 61. Kxf2 Kxc7 1/2-1/2

[Event "2nd Thailand Pattaya Open 2019"]
[Site "Pattaya"]
[Date "2019.10.25"]
[Round "4.1"]
[White "Pascua, Haridas"]
[Black "Quizon, Daniel"]
[Result "1-0"]
[ECO "B50"]
[WhiteElo "2425"]
[BlackElo "2329"]
[Annotator "NA"]
[PlyCount "38"]
[EventDate "2019.10.23"]
[EventType "swiss"]
[EventCountry "THA"]
[SourceTitle "playchess.com"]
[Source "ChessBase"]
[SourceQuality "1"]
[TimeControl "5400+30"]

1. e4 c5 2. Nf3 d6 3. g3 Nf6 4. Qe2 (4. c3 Nc6 5. d3 g6 6. Bg2 Bg7 7. O-O O-O 8. Re1 e5 9. a3 h6 10. b4 b6 11. b5 Ne7 12. c4 a6 13. Nc3 Be6 14. Nd2 Qd7 15. Bb2 Bh3 16. Bh1 Ne8 17. a4 Nc7 {0-1 (34) Amin,B (2704)-Vachier Lagrave,M (2780) Abidjan 2019}) 4... Nc6 5. Bg2 Bg4 6. c3 {[%emt 0:00:25] B50: Sicilian: 2...d6, Miscellaneous} g6 7. O-O Qc8 $146 ({Predecessor:} 7... Qd7 8. d3 Bg7 9. Be3 O-O 10. Re1 b5 11. Nbd2 Rab8 12. d4 cxd4 13. cxd4 {1-0 (42) Kuijf,H-Van Mil,J Eindhoven 1981}) 8. Na3 Bg7 9. Re1 O-O 10. Qf1 e5 11. Nc4 Qc7 12. Ne3 Bd7 13. Qe2 Rfe8 14. d3 Ne7 15. c4 b5 16. b3 a5 17. Bd2 Reb8 18. Nd5 Nfxd5 19. cxd5 b4 $11 1-0

[Event "2nd Thailand Pattaya Open 2019"]
[Site "Pattaya"]
[Date "2019.10.25"]
[Round "4.2"]
[White "Villamayor, Buenaventura"]
[Black "Thet Naung"]
[Result "1-0"]
[ECO "A14"]
[WhiteElo "2371"]
[BlackElo "2271"]
[Annotator "NA"]
[PlyCount "131"]
[EventDate "2019.10.23"]
[EventType "swiss"]
[EventCountry "THA"]
[SourceTitle "playchess.com"]
[Source "ChessBase"]
[SourceQuality "1"]
[TimeControl "5400+30"]

1. c4 e6 2. g3 d5 3. Bg2 Nf6 4. Nf3 c6 5. b3 Be7 6. O-O O-O 7. Bb2 b6 8. Qc2 {[%emt 0:04:39] A14: English Opening: 1...e6 with b3 by White} (8. e3 b5 9. d3 a5 10. a3 Ba6 11. Nbd2 Nbd7 12. Qc2 Bd6 13. e4 Be7 14. Rfd1 Rc8 15. e5 Ne8 {½-½ (82) Edouard,R (2607)-Lenic,L (2650) Heraklio 2017}) 8... h6 9. Nc3 Bb7 10. d4 Nbd7 11. e4 dxe4 12. Nxe4 Nxe4 13. Qxe4 Nf6 $146 ({Predecessor:} 13... Qc7 14. Qe2 Rfe8 15. Rfd1 Rad8 16. Rd2 c5 17. Rad1 cxd4 18. Rxd4 {1-0 (55) Georgescu,T (2457)-Paraschiv,P (2255) Baile Govora 2017}) 14. Qe2 c5 15. dxc5 bxc5 16. Rfd1 Qb6 17. Ne5 Rad8 18. Ng4 Bxg2 19. Kxg2 Rxd1 20. Rxd1 Rd8 21. Bxf6 Bxf6 22. Nxf6+ gxf6 23. Rxd8+ Qxd8 24. Qe3 Qf8 25. Qf4 Qa8+ 26. Kg1 Kg7 27. Qc7 Qe4 28. Qxc5 Qb1+ 29. Kg2 Qxa2 30. b4 Qb1 31. h4 Qe4+ 32. Kh2 f5 33. Qxa7 f4 {[%emt 0:00:40] [#]} ({Black should play} 33... Qxc4 $14 34. Qb6 h5) 34. Qa1+ $1 e5 {[%emt 0:01:15] [#]} 35. Qb2 $16 f5 36. b5 fxg3+ 37. fxg3 f4 38. b6 fxg3+ 39. Kxg3 Qe3+ 40. Kh2 Qf4+ 41. Kg1 Qe3+ 42. Kf1 Qf4+ 43. Ke1 Qxh4+ 44. Qf2 Qxc4 45. Qg2+ Kh7 46. Qb7+ Kg6 47. Qg2+ Kh7 48. Qb7+ Kg6 49. Qc7 Qb4+ 50. Ke2 Qb2+ 51. Kd3 Qd4+ 52. Kc2 e4 53. Qc6+ Kf5 54. Qb5+ Ke6 55. b7 Qf2+ 56. Kb3 Qe3+ 57. Kb2 Qd2+ 58. Ka3 Qc1+ 59. Ka4 Qa1+ 60. Kb4 Qe1+ 61. Kc5 Qf2+ 62. Kc6 Qc2+ 63. Kb6 Qf2+ 64. Qc5 Qb2+ 65. Kc6 e3 66. Qd6+ 1-0

[Event "2nd Thailand Pattaya Open 2019"]
[Site "Pattaya"]
[Date "2019.10.25"]
[Round "4.3"]
[White "Saptarshi, Roy"]
[Black "Yaniuk, Volodymyr"]
[Result "0-1"]
[ECO "C91"]
[WhiteElo "2456"]
[BlackElo "2189"]
[Annotator "ChessBase"]
[PlyCount "178"]
[EventDate "2019.10.23"]
[EventType "swiss"]
[EventCountry "THA"]
[SourceTitle "playchess.com"]
[Source "ChessBase"]
[SourceQuality "1"]
[TimeControl "5400+30"]

1. e4 e5 2. Nf3 Nc6 3. Bb5 a6 4. Ba4 Nf6 5. O-O Be7 6. Re1 b5 7. Bb3 d6 8. c3 O-O 9. d4 Bg4 10. d5 Na5 11. Bc2 Qc8 12. Nbd2 c6 13. dxc6 Qxc6 14. h3 Be6 15. Nf1 Rfc8 16. Ng5 Bd7 17. Ne3 g6 18. Qf3 Rf8 19. Nd5 Nxd5 20. exd5 Qc8 21. Nxh7 Kxh7 22. Qh5+ Kg8 23. Bxg6 fxg6 24. Qxg6+ Kh8 25. Qh5+ Kg8 26. Re3 Rf4 27. Qg6+ Kh8 28. Qh6+ Kg8 29. Rg3+ Rg4 30. hxg4 Qf8 31. g5 Qg7 32. g6 Qxh6 33. Bxh6 Nc4 34. b3 Nb6 35. Rd1 Bh4 36. Re3 Bf5 37. f4 Nd7 38. Rf1 e4 39. g4 Bxg4 40. Rxe4 Bf5 41. Re3 Bf6 42. Kh2 Rc8 43. Rg1 Nf8 44. g7 Nd7 45. Bg5 Kxg7 46. Rgg3 Kf7 47. Re2 Rc5 48. Bxf6 Nxf6 49. Rg5 Rxd5 50. a3 Nh7 51. Rh5 Kg6 52. Rh4 Rd3 53. Rg2+ Kf7 54. Rg3 Rd2+ 55. Rg2 Rd3 56. Rg3 Rd1 57. Rg1 Rd5 58. Rh5 Nf6 59. Rhg5 Rd2+ 60. R1g2 Rxg2+ 61. Rxg2 Be6 62. Rd2 Ke7 63. b4 Ne4 64. Rd3 Kf6 65. Kg2 Bc4 66. Re3 Kf5 67. Rf3 Nd2 68. Rf2 Bd5+ 69. Kh2 Ne4 70. Rf3 Kg4 71. Rh3 Kxf4 72. Kg1 Bc4 73. Kg2 Be2 74. Kg1 Bf3 75. Rh6 Ke3 76. Rh7 Nxc3 77. Ra7 d5 78. Rxa6 Bd1 79. Re6+ Ne4 80. Re5 Bb3 81. Rh5 Bc4 82. Rh3+ Kd2 83. Kg2 d4 84. Rh4 Kc3 85. Kf3 Nd2+ 86. Kf4 Nb1 87. Ke5 d3 88. Kd6 Nxa3 89. Kc5 d2 {[%emt 0:03:06] Kd4+} 0-1

[Event "2nd Thailand Pattaya Open 2019"]
[Site "Pattaya"]
[Date "2019.10.25"]
[Round "4.4"]
[White "Arunnuntapanich, Tinnakrit"]
[Black "Gomez, John Paul"]
[Result "0-1"]
[ECO "C01"]
[WhiteElo "2025"]
[BlackElo "2433"]
[Annotator "ChessBase"]
[PlyCount "56"]
[EventDate "2019.10.23"]
[EventType "swiss"]
[EventCountry "THA"]
[SourceTitle "playchess.com"]
[Source "ChessBase"]
[SourceQuality "1"]
[TimeControl "5400+30"]

1. e4 e6 2. d4 d5 3. exd5 exd5 4. Bd3 Nc6 5. c3 Bd6 6. Qf3 Nge7 7. Bf4 Bxf4 8. Qxf4 Be6 9. Ne2 Qd7 10. Nd2 f6 11. Nb3 b6 12. Ng3 O-O 13. O-O Ng6 14. Qd2 Nh4 15. Rae1 Bh3 16. Qc2 Nxg2 17. Bxh7+ Kh8 18. Bg6 Nh4 19. Bh5 Bxf1 20. Rxf1 g6 21. Bxg6 f5 22. Bh5 f4 23. f3 fxg3 24. hxg3 Qf5 25. Qxf5 Nxf5 26. Kf2 Kg7 27. g4 Nd6 28. Kg3 Ne4+ 0-1